Map: Eternal Empire LE

Players

depression - Winner!

  • Race: Terran Terran
  • Spawn Location: 7:00

prospeKt

  • Race: Zerg Zerg
  • League: Platinum
  • Spawn Location: 1:00

VOD

Have the link to the VOD?

Description

Time

  • Played on: June 10, 2020, 6:29 p.m.
  • Length: 13:27
Show
View Real Time Build Order
Export as new Build Order

depression Terran - Winner!

Build Orders: Reaper Expand 

Get SALT Encoding   

  12  0:01  SCV  
  13  0:13  SCV  
  14  0:17  Supply Depot  
  14  0:27  SCV  
  15  0:39  SCV  
  15  0:41  Barracks  
  16  0:45  Refinery  
  16  0:51  SCV  
  17  1:06  SCV  
  18  1:18  SCV  
  19  1:29  Reaper  
  19  1:30  Orbital Command  
  20  1:44  Command Center  
  20  1:57  SCV  
  21  2:12  Factory, SCV  
  21  2:15  Supply Depot  
  22  2:22  Refinery  
  22  2:23  Barracks Reactor  
  22  2:24  SCV  
  23  2:36  SCV  
  24  2:48  SCV  
  24  2:50  Bunker  
  25  3:00  SCV  
  25  3:03  Starport  
  26  3:06  Hellion x2  
  26  3:11  Barracks Tech Lab  
  30  3:14  Orbital Command  
  30  3:16  SCV  
  31  3:27  Hellion x2  
  31  3:28  SCV  
  36  3:39  Barracks Tech Lab  
  36  3:40  SCV  
  37  3:41  Barracks  
  37  3:52  SCV  
  38  3:57  Barracks  
  38  4:00  Banshee  
  38  4:01  Cloaking Field  
  38  4:02  Factory Tech Lab  
  38  4:38  Marine  
  38  4:39  Siege Tank  
  38  4:44  SCV x2  
  42  4:56  Marine, SCV  
  40  5:00  Marine x2  
  40  5:03  SCV  
  43  5:07  Command Center  
  43  5:08  SCV  
  43  5:10  Supply Depot  
  43  5:14  Marine  
  44  5:15  SCV  
  44  5:16  Barracks Reactor, Stimpack  
  46  5:25  Barracks  
  46  5:31  Starport Reactor  
  46  5:32  Marine, SCV x2, Siege Tank  
  46  5:34  Supply Depot  
  52  5:44  SCV x2  
  54  5:55  Marine x3  
  54  5:56  SCV x2, Supply Depot  
  59  6:04  Siege Tank  
  62  6:08  Supply Depot  
  62  6:17  Marine  
  62  6:18  SCV  
  64  6:27  SCV  
  64  6:28  Orbital Command  
  64  6:30  SCV  
  64  6:31  Supply Depot  
  66  6:36  Marauder  
  66  6:37  Marine  
  66  6:39  Marine x2, SCV  
  72  6:40  Medivac, Siege Tank  
  72  6:42  SCV  
  78  6:51  SCV  
  79  6:54  SCV  
  79  6:55  Marine x2, Supply Depot  
  79  6:57  Marauder  
  79  6:58  Combat Shield, Barracks  
  79  6:59  Concussive Shells  
  84  7:04  Orbital Command  
  84  7:07  Refinery  
  84  7:08  Refinery  
  83  7:34  Marine x4  
  83  7:35  Marauder  
  83  7:36  Medivac  
  83  7:37  SCV, Bunker  
  92  7:41  Command Center  
  92  7:45  Engineering Bay  
  92  7:47  Engineering Bay  
  92  7:48  Supply Depot  
  92  7:49  SCV x2  
  94  7:52  Marine x4  
  94  7:54  Supply Depot  
  94  7:56  Marauder  
  100  8:00  Medivac  
  100  8:01  SCV  
  103  8:10  Marine  
  103  8:11  Supply Depot x2  
  103  8:17  Marauder  
  105  8:23  Marine x3  
  105  8:24  Barracks  
  105  8:25  Barracks Reactor  
  108  8:27  Marine  
  108  8:31  Terran Infantry Weapons Level 1  
  109  8:34  Supply Depot x2  
  109  8:35  Terran Infantry Armor Level 1  
  109  8:37  SCV x2  
  109  8:39  Marauder  
  109  8:41  Marine, SCV  
  114  8:43  Marine x2  
  114  8:45  Marine  
  118  8:48  Armory  
  118  8:49  SCV x2  
  118  8:53  Missile Turret, SCV  
  121  8:57  Supply Depot  
  121  8:59  Marine  
  121  9:00  Marauder  
  121  9:01  Marine x2, SCV x2  
  128  9:05  SCV  
  129  9:15  Missile Turret  
  126  9:22  Marauder  
  127  9:27  SCV x3  
  130  9:32  Command Center  
  130  9:39  SCV x3  
  130  9:40  Marine x5  
  130  9:41  Marine  
  130  9:42  Barracks Reactor  
  130  9:43  Marauder  
  132  9:53  Medivac x2, Siege Tank  
  132  9:54  Orbital Command  
  132  9:58  Marine x4  
  143  10:01  Supply Depot  
  143  10:04  Marauder  
  145  10:11  Refinery  
  145  10:13  Refinery  
  145  10:19  Missile Turret  
  145  10:25  Siege Tank  
  145  10:26  Marauder  
  150  10:28  SCV  
  150  10:29  Marine x4, SCV  
  150  10:30  Marine x4  
  160  10:39  Missile Turret  
  160  10:41  Orbital Command  
  160  10:45  Medivac x2  
  160  10:47  Marine x5, Marauder  
  160  10:48  Marine x2  
  173  10:51  Terran Infantry Weapons Level 2  
  173  10:57  Siege Tank  
  176  11:06  Marine  
  176  11:07  Marine x5  
  176  11:08  Marine x2  
  176  11:09  Marauder  
  186  11:24  Marine x2  
  186  11:25  Marine x3  
  190  11:29  Siege Tank  
  190  11:30  Marauder  
  190  11:32  Medivac x2  
  198  11:51  Marauder  
  189  12:01  Siege Tank  
  189  12:03  Marine  
  189  12:04  Marine x4  
  189  12:05  Marine x3  
  193  12:13  Marauder  
  195  12:21  Marine  
  195  12:22  Marine x4  
  195  12:23  Marine x3  
  195  12:27  Medivac x2  
  197  12:33  Siege Tank  
  200  13:00  Marine  
Show
View Real Time Build Order
Export as new Build Order

prospeKt Zerg 

Build Orders: Hatch First 

Get SALT Encoding   

  12  0:00  Drone  
  13  0:12  Overlord  
  13  0:19  Drone  
  14  0:31  Drone x2  
  14  0:35  Drone  
  17  0:52  Hatchery  
  17  0:56  Drone  
  17  1:06  Drone  
  18  1:14  Spawning Pool  
  17  1:19  Drone  
  18  1:28  Drone  
  19  1:33  Extractor  
  19  1:39  Drone  
  19  1:51  Drone  
  20  2:01  Drone  
  21  2:04  Queen x2  
  21  2:05  Overlord  
  25  2:13  Drone  
  26  2:20  Zergling x2  
  27  2:25  Zergling x2  
  27  2:27  Drone  
  29  2:34  Drone  
  29  2:39  Drone  
  29  2:45  Queen  
  29  2:49  Lair  
  29  2:51  Drone x2  
  33  2:59  Overlord  
  33  3:02  Drone  
  35  3:05  Drone  
  35  3:14  Drone  
  37  3:20  Drone x6  
  37  3:22  Overlord  
  42  3:30  Drone x2  
  44  3:38  Roach Warren  
  44  3:40  Drone  
  44  3:46  Evolution Chamber  
  43  3:52  Drone x2, Extractor  
  43  3:53  Extractor  
  43  4:01  Hatchery  
  40  4:24  Roach x6  
  44  4:33  Drone  
  44  4:34  Drone x5  
  44  4:36  Roach  
  42  4:54  Drone  
  42  4:55  Drone x2  
  40  5:04  Drone x2  
  42  5:13  Drone  
  44  5:14  Drone  
  44  5:15  Drone  
  45  5:22  Drone  
  46  5:29  Drone x2  
  46  5:30  Drone x4  
  52  5:42  Spore Crawler  
  49  5:46  Drone x2  
  49  5:47  Spore Crawler  
  49  5:49  Overseer  
  47  5:52  Drone  
  47  5:53  Drone x2  
  50  5:57  Spore Crawler  
  45  6:08  Drone x4  
  45  6:10  Drone  
  46  6:20  Drone  
  46  6:21  Drone x3  
  50  6:36  Drone x7  
  57  6:40  Glial Reconstitution  
  57  6:43  Zerg Missile Weapons Level 1  
  57  6:47  Drone  
  57  6:51  Overlord  
  58  7:12  Zergling x4  
  58  7:13  Drone x6  
  58  7:14  Overlord x2  
  66  7:15  Overlord  
  66  7:46  Drone  
  66  7:47  Drone x12  
  79  7:59  Extractor  
  79  8:01  Hydralisk Den  
  79  8:03  Evolution Chamber, Drone x8  
  83  8:15  Drone  
  83  8:16  Drone x3, Extractor  
  83  8:17  Extractor  
  85  8:23  Queen  
  87  8:39  Drone x2  
  87  8:40  Overlord x4  
  87  8:41  Overlord  
  89  8:59  Drone  
  89  9:00  Drone x3  
  89  9:01  Drone x4  
  95  9:20  Roach  
  95  9:21  Roach x12  
  118  9:33  Grooved Spines  
  118  9:34  Hydralisk x3  
  124  10:01  Hydralisk x2  
  124  10:03  Overlord x4  
  124  10:06  Hatchery  
  127  10:12  Hatchery  
  126  10:16  Zerg Missile Weapons Level 2  
  126  10:23  Hydralisk x7  
  126  10:24  Hydralisk x5  
  150  10:38  Overseer  
  150  10:43  Hydralisk x5  
  150  10:45  Muscular Augments  
  160  10:51  Hydralisk  
  160  10:52  Overlord x2  
  162  11:21  Hydralisk x6  
  162  11:22  Hydralisk x4  
  174  11:33  Infestation Pit  
  171  11:49  Hydralisk  
  171  11:50  Hydralisk x4  
  171  11:51  Overlord x5  
  148  12:02  Hydralisk x11  
  148  12:19  Hydralisk x3  
  114  12:36  Roach  
  123  12:37  Extractor, Roach x5  
  123  12:40  Extractor  
  123  12:43  Drone x3  
  122  12:46  Roach x2  
  122  12:51  Roach x3  
  123  13:04  Roach  
  123  13:05  Roach x6  
Tags
 
Add a new tag
Caveats
  • Supply blocks, unpowered buildings, or Contaminate may cause inaccurate times.
  • Supply counts are checked every 10 seconds.